[Event "SixDays Budapest GM-A May 2024"]
[Site "Budapest"]
[Date "2024.05.17"]
[Round "3.1"]
[White "Sahib Singh"]
[Black "Ramoutar, Alan-Safar"]
[Result "0-1"]
[ECO "B12"]
[WhiteElo "2291"]
[BlackElo "2360"]
[Annotator "TA"]
[PlyCount "94"]
[EventDate "2024.05.15"]
[EventType "tourn"]
[EventCountry "HUN"]
[SourceTitle "playchess.com"]
[Source "ChessBase"]
[SourceQuality "1"]
[TimeControl "40/5400+30:1800+30"]

1. e4 c6 2. d4 d5 3. e5 c5 4. dxc5 e6 5. a3 Bxc5 6. b4 Be7 7. Qg4 g6 8. Nf3 {[%emt 0:01:05] The position is equal.} h5 9. Qf4 a5 10. b5 Nd7 11. Bd3 Nh6 12. O-O Nc5 13. a4 Nf5 14. Bxf5 gxf5 15. c4 dxc4 16. Qxc4 ({White should play} 16. Nbd2 $14 c3 17. Nc4) 16... b6 $15 17. Nbd2 (17. Be3 $15) 17... Bb7 $17 18. Qe2 Rg8 19. Ra3 {[%emt 0:05:09] Repels Nd3} Qc7 (19... Qd5 $19 {Strongly threatening ...Rd8.} 20. Nc4 Qe4 21. Qxe4 Nxe4 22. Nxb6 Rd8) 20. Rc3 {[%emt 0:04:36] [#]} Rd8 (20... Qd7 $1 $17 21. Ba3 Nxa4) 21. Nb3 Be4 {[%emt 0:10:27] Black has more active pieces.} 22. Nxc5 Bxc5 {[%emt 0:00:07] This pair of bishops is nice.} 23. Ng5 Qxe5 24. Qxh5 $2 {[%emt 0:04:28][%mdl 8192] White is now going downhill.} Rxg5 $19 ({Not} 24... Qxc3 25. Qxf7#) 25. Bxg5 Qxc3 26. Bxd8 Kxd8 27. Rd1+ Ke8 28. Qg5 Bd5 29. Qg8+ Ke7 30. h4 (30. Qg5+ $142 Qf6 31. Qxf6+ Kxf6 32. g3) 30... Qc2 31. Qg5+ Ke8 (31... Kd7 $142 32. Rf1 Bc4 (32... Qxa4 $2 33. h5 $19)) 32. Qg8+ Ke7 $2 (32... Bf8 33. Ra1 Qd2) 33. Qg5+ Kd7 34. Rf1 Bc4 35. Qc1 {[%emt 0:01:26] [#]} Bxf2+ $1 36. Kh1 (36. Kh2 Qxc1) 36... Qxc1 37. Rxc1 Bd5 38. h5 Be3 39. Rc3 f4 {[%emt 0:00:50] Hoping for ...Ke7.} 40. Kh2 Ke7 41. Rc8 Kf6 42. Rg8 f3 43. gxf3 Bxf3 44. Kh3 Bxh5 {[%emt 0:00:22] aiming for ...Bd1.} 45. Rg3 Bd4 {[%emt 0:00:29] ( -> ...e5)} 46. Kg2 e5 47. Rh3 Bd1 {[%emt 0:00:15] Weighted Error Value: White=0.61/Black=0.42.  Loses game:     	White=1     	---        Mistake:       	White=3     	Black=2      Inaccurate:     	White=3     	Black=2      OK:         	White=10    	Black=12     Best:        	White=2     	Black=4} 0-1

[Event "SixDays Budapest GM-A May 2024"]
[Site "Budapest"]
[Date "2024.05.17"]
[Round "3.2"]
[White "Sathvik Adiga"]
[Black "Nagy, Gabor"]
[Result "0-1"]
[ECO "C50"]
[WhiteElo "2398"]
[BlackElo "2433"]
[Annotator "TA"]
[PlyCount "94"]
[EventDate "2024.05.15"]
[EventType "tourn"]
[EventCountry "HUN"]
[SourceTitle "playchess.com"]
[Source "ChessBase"]
[SourceQuality "1"]
[TimeControl "40/5400+30:1800+30"]

1. e4 e5 2. Nf3 Nc6 3. Bc4 Nf6 4. d3 Bc5 5. c3 d6 6. O-O a5 7. Nbd2 O-O 8. Re1 Ba7 {[%emt 0:02:12] The position is equal.} 9. h3 h6 10. Nf1 Be6 11. Bb3 Bxb3 12. Qxb3 Qd7 13. a4 Rfe8 14. Ne3 Bxe3 15. Bxe3 b6 16. Rad1 Rad8 17. Bc1 d5 18. Qc2 dxe4 19. dxe4 Qe6 20. b3 Rxd1 21. Rxd1 Rd8 {[%emt 0:00:11] Strongly threatening ...Rxd1+.} 22. Rxd8+ Nxd8 23. Be3 Qc6 24. Nd2 Ne6 25. Qd3 {[%emt 0:09:22] Wards off Nd4} Kh7 26. f3 Nd7 27. g3 Kg8 28. Kf1 Kf8 29. Nc4 Ke7 30. h4 {[%emt 0:04:18] [#]} (30. Nd2 $11) 30... Nec5 $1 $17 {[%emt 0:02:43] Black converts the advantage convincingly.} 31. Bxc5+ Nxc5 {[%emt 0:00:08][%mdl 4096] Endgame. KQN-KQN} ({But not} 31... Qxc5 $6 32. Ne3 $14) 32. Qe3 {[%emt 0:09:18] [#]} ({Much worse is} 32. Nxe5 Qe6 33. Qd5 Qxd5 (33... Nxb3 $2 {is the wrong capture.} 34. Nc6+ Kf8 35. Qd8+ Qe8 36. Qxc7 $18) 34. exd5 Nxb3 $19) (32. Qd1 $17 {was necessary.}) 32... Nxa4 $1 33. Nxe5 (33. Kf2 $142) (33. Qd2 Qb5) 33... Qxc3 $19 34. Qf4 (34. Qxc3 Nxc3 35. Nd3) 34... Qxb3 35. Ng4 Kd8 36. Kg2 Nc5 37. Qf5 a4 {[%emt 0:03:59] Hoping for ...a3.} 38. Qh7 a3 {[%emt 0:00:38] Threatens to win with ...Qb2+.} 39. Qg8+ Ke7 {[%emt 0:00:06] ...Ne6 would now be deadly.} 40. Kh3 h5 41. Nf2 Qxf3 {[%emt 0:30:34] Black mates.} 42. Qc8 Ne6 43. Kh2 Qxf2+ 44. Kh3 Qf1+ 45. Kh2 Qe2+ 46. Kh3 Nf4+ 47. gxf4 Qg4+ {[%emt 0:00:05] Weighted Error Value: White=0.92/Black=0.02 (flawless) .  Mistake:       	White=4     	---        Inaccurate:     	White=1     	---        OK:         	White=7     	Black=14     Best:        	---       	Black=2      Strong:       	---       	Black=1} 0-1

[Event "SixDays Budapest GM-A May 2024"]
[Site "Budapest"]
[Date "2024.05.17"]
[Round "3.3"]
[White "Wadsworth, Matthew J"]
[Black "Berczes, David"]
[Result "1/2-1/2"]
[ECO "A14"]
[WhiteElo "2470"]
[BlackElo "2425"]
[Annotator "TA"]
[PlyCount "109"]
[EventDate "2024.05.15"]
[EventType "tourn"]
[EventCountry "HUN"]
[SourceTitle "playchess.com"]
[Source "ChessBase"]
[SourceQuality "1"]
[TimeControl "40/5400+30:1800+30"]

1. c4 e6 2. g3 d5 3. Bg2 Nf6 4. Nf3 Be7 5. O-O O-O 6. d4 c6 7. Nc3 Nbd7 8. b3 b6 9. Bb2 Bb7 10. Qc2 Qc7 11. Rfd1 Rad8 12. Rac1 Qb8 13. e3 Rfe8 14. Ne1 Rc8 15. e4 dxc4 16. bxc4 e5 17. d5 (17. Ne2 $1 $14) 17... cxd5 $11 18. cxd5 b5 {[%emt 0:05:04] ...b4 is the strong threat.} 19. Qe2 Ba6 20. a4 bxa4 21. Qxa6 Qxb2 22. Nd3 (22. Nxa4 $2 Qxc1 23. Rxc1 Rxc1 $19) 22... Qb6 23. Qxb6 Nxb6 24. Bh3 (24. Nxe5 $11 Ba3 25. Nc6 Bxc1 26. Rxc1) 24... Rc7 $15 25. f3 $1 Ba3 $1 26. Nb5 Rxc1 27. Nxc1 Bc5+ 28. Kh1 Rb8 {[%emt 0:02:10] And now ...Nc4 would win.} 29. Nd3 $1 Nbd7 30. Nxc5 $1 Nxc5 31. Na3 g5 32. d6 {[%emt 0:09:40] [#]} g4 33. Bxg4 Nxg4 34. fxg4 Nxe4 {[%emt 0:00:20][%mdl 4096] Endgame. KRN-KRN} 35. Kg2 {[%emt 0:04:54] Prevents Nf2.} Rd8 36. Nc4 {[%emt 0:00:10] [#]} a3 $1 {[%emt 0:00:25] Strongly threatening ...a2.} 37. Kf3 (37. Rd3 Nxd6) 37... Nxd6 (37... Nc3 {is interesting.} 38. Ra1 a2 39. Ke3 f6) 38. Nxe5 (38. Nxd6 $11 {and White is okay.} a2 39. Ra1) 38... Kg7 $19 39. g5 (39. Kf4 $142) 39... a5 {[%emt 0:00:29][%cal Od6c4] Threatens to win with ...Nc4!} 40. h4 {[%emt 0:02:53] [#]} (40. Rd4 {was worth a try.}) 40... Re8 $2 ({Black should try} 40... Rb8 $1 $19 {[%cal Rb8b3] aiming for ...Rb3+.} 41. h5 (41. Rxd6 $2 {is the wrong capture.} a2 $19) 41... a2 42. h6+ Kg8) 41. Rxd6 $11 {[%emt 0:32:34] The position is equal.} Rxe5 {[%emt 0:30:05] KR-KR} (41... a2 $5 42. Rd1 $8 Rxe5 $15) 42. Rd3 a4 43. Rxa3 Ra5 44. Ke4 f6 45. gxf6+ Kxf6 46. g4 Ke6 47. Kd4 Ra8 48. Ke4 Kd6 49. Kd4 h6 50. Kc4 Ke5 51. g5 hxg5 52. hxg5 Kf5 53. Kb4 Kxg5 54. Rxa4 Rxa4+ 55. Kxa4 {[%emt 0:00:03] Weighted Error Value: White=0.19 (very precise) /Black=0.18 (very precise) .  Loses game:     	White=1     	---        Missed win:     	---       	Black=1      Mistake:       	White=4     	Black=1      Inaccurate:     	White=3     	Black=5      OK:         	White=15    	Black=17     Best:        	White=3     	Black=2      Strong:       	White=3     	Black=1} 1/2-1/2

[Event "SixDays Budapest GM-A May 2024"]
[Site "Budapest"]
[Date "2024.05.17"]
[Round "3.4"]
[White "Aczel, Gergely"]
[Black "Tan, Jun Ying"]
[Result "1-0"]
[ECO "D11"]
[WhiteElo "2493"]
[BlackElo "2307"]
[Annotator "TA"]
[PlyCount "159"]
[EventDate "2024.05.15"]
[EventType "tourn"]
[EventCountry "HUN"]
[SourceTitle "playchess.com"]
[Source "ChessBase"]
[SourceQuality "1"]
[TimeControl "40/5400+30:1800+30"]

1. Nf3 d5 2. d4 c6 3. c4 Nf6 4. e3 a6 5. Nbd2 Bf5 6. Nh4 Be4 7. Qb3 Ra7 8. Nxe4 Nxe4 9. Nf3 e6 10. Bd3 f5 11. g4 Qa5+ 12. Bd2 Nxd2 13. Nxd2 fxg4 14. h3 Bb4 15. O-O-O b5 16. cxd5 cxd5 17. hxg4 Rc7+ 18. Bc2 Ke7 19. a3 Rhc8 20. Qxb4+ Qxb4 21. axb4 Rxc2+ 22. Kb1 h6 23. e4 R2c7 24. Rhe1 Kf7 25. Nf3 Nc6 26. exd5 exd5 27. Ne5+ Kg8 28. Nxc6 ({Better is} 28. f4 $11) 28... Rxc6 $15 29. Re5 Rd6 30. Rd3 Rc4 31. b3 Rc7 (31... Rxb4 $2 {is the wrong capture.} 32. Re8+ Kf7 33. Ra8 $18) 32. Kb2 Kf7 33. f4 Kf6 34. Rc3 Rxc3 35. Kxc3 g6 36. Kd3 Kf7 37. f5 gxf5 38. Rxf5+ ({Of course not} 38. gxf5 h5 $15) 38... Kg6 39. Re5 Kf6 40. Rh5 Kg7 41. Re5 Kf6 42. Kd2 Rd7 43. Rf5+ Kg6 44. Ke3 Re7+ 45. Kd3 Rd7 46. Rf8 Rd6 47. Rf5 Kg7 48. Ke3 Re6+ 49. Kf3 Rc6 50. Rxd5 Rc3+ 51. Kf4 Rxb3 52. Rd7+ Kf6 53. Rd6+ Ke7 54. Rxa6 Rxb4 55. Ke5 Rb1 56. Rxh6 Re1+ 57. Kd5 b4 58. Rh7+ Kf6 59. Rb7 Rg1 $2 (59... Rb1 $11) 60. Rxb4 Rxg4 {[%emt 0:00:02] [#]} 61. Rb7 $1 Rh4 62. Kc5 Rh1 63. d5 Rc1+ 64. Kd6 Ra1 65. Kd7 Ra8 66. d6 Kf7 67. Rc7 Rb8 68. Ra7 Rh8 69. Ra1 Rh2 70. Rf1+ Kg7 71. Kd8 Rh8+ 72. Ke7 Rh2 73. Rg1+ Kh7 74. Re1 Ra2 75. d7 Ra7 76. Ke8 Ra6 77. d8=Q Re6+ 78. Rxe6 Kg7 79. Qg5+ Kh7 80. Rh6# 1-0

[Event "SixDays Budapest GM-A May 2024"]
[Site "Budapest"]
[Date "2024.05.17"]
[Round "3.5"]
[White "Bai, Adelard"]
[Black "Krastev, Alexander"]
[Result "1-0"]
[ECO "E45"]
[WhiteElo "2376"]
[BlackElo "2458"]
[Annotator "TA"]
[PlyCount "69"]
[EventDate "2024.05.15"]
[EventType "tourn"]
[EventCountry "HUN"]
[SourceTitle "playchess.com"]
[Source "ChessBase"]
[SourceQuality "1"]
[TimeControl "40/5400+30:1800+30"]

1. d4 Nf6 2. c4 e6 3. Nc3 Bb4 4. e3 b6 5. Nge2 Ba6 6. Ng3 O-O 7. e4 c5 8. a3 (8. d5 $14) 8... Bxc3+ $11 9. bxc3 Nc6 {[%emt 0:01:36] The position is equal.} 10. Bg5 {[%emt 0:04:21] And now Nh5 would win.} h6 11. h4 {[%emt 0:00:48][%cal Oe4e5] aiming for e5!} cxd4 (11... hxg5 12. hxg5 cxd4 13. e5 Nxe5 14. gxf6 $18) 12. cxd4 {[%emt 0:04:51][%cal Oe4e5] e5! would now be deadly.} hxg5 ({Better is} 12... d6 $1 $15) 13. hxg5 g6 14. e5 $1 $16 Nh7 15. Qg4 {[%emt 0:10:23] Qh4 would kill now.} Nxg5 {[%emt 0:05:17] [#]} (15... Qxg5 $2 16. Qh3 Rfe8 17. Qxh7+ Kf8 18. Ne4 $18) 16. Ne4 $1 {[%emt 0:02:33] Threatening mate with Nf6+.} (16. Qh4 $2 f5 17. f4 Nf3+ 18. gxf3 Qxh4 (18... Nxd4 19. Qh7#) 19. Rxh4 Nxd4 $19) 16... Kg7 (16... Nxe4 17. Qh3) 17. Nxg5 $40 {[%emt 0:00:26][%mdl 128] White is out for blood.} (17. Qxg5 Qxg5 (17... Nxd4 18. Qh6+ Kg8 19. Qh8#) 18. Nxg5 Rh8 (18... Nxd4 19. Rd1 $16) 19. Rxh8 Rxh8 $17) 17... Rh8 {[%emt 0:00:03] Prevents Rh7+.} 18. Rxh8 Qxh8 19. Qf4 {[%emt 0:01:59] White wants to mate with Qf6+.} Rf8 20. Rd1 {[%emt 0:05:30] White is more active.} ({White should try} 20. d5 $16 Nd8 21. Ne4) 20... f6 $14 21. exf6+ Rxf6 22. Qd6 Qe8 {[%emt 0:00:05] Hoping for ...e5.} 23. Qh2 {[%emt 0:01:32] Threatens to win with Rd3.} Qg8 $2 {[%emt 0:08:34][%mdl 8192] [#] A mistake that costs the game.} (23... Qh8 $14 24. Qxh8+ Kxh8) 24. Rd3 $1 $18 {[%emt 0:01:50] Rh3 is the strong threat.} Rf5 (24... Bxc4 $2 25. Rh3 e5 26. Rh7+ (26. dxe5 Rf5 $18) 26... Kf8 27. Rh8 (27. dxe5 Rf5 $18) (27. Rxd7 Ke8 $18)) 25. f4 {[%emt 0:00:35] Strongly threatening Rh3.} Kf6 ({Reject} 25... Bxc4 26. Rh3 Bxf1 27. Rh7+ (27. Kxf1 e5 $16) 27... Kf8 28. Kxf1 (28. Rh8 Qxh8 29. Qxh8+ Ke7 $18)) (25... Nd8 $142 26. Rh3 Nf7 27. Rh7+ Kf8 28. Nxf7 (28. Bd3 Rxg5 29. fxg5 Bc8 $18) 28... Rh5 29. Rxh5 gxh5) 26. Rh3 Qb8 27. Ne4+ Ke7 28. Rh7+ Ke8 29. Rh8+ Rf8 30. Rxf8+ Kxf8 31. Qh8+ Ke7 32. Qf6+ Ke8 33. Bd3 {[%emt 0:00:13] White mates.} d5 34. Qxe6+ Ne7 35. Nf6+ {[%emt 0:00:09] Weighted Error Value: White=0.06 (flawless) /Black=0.48.  Loses game:     	---       	Black=1      Mistake:       	White=2     	Black=3      Inaccurate:     	---       	Black=1      OK:         	White=8     	Black=4      Best:        	---       	Black=7      Strong:       	White=3     	---} 1-0

[Event "SixDays Budapest GM-A May 2024"]
[Site "Budapest"]
[Date "2024.05.18"]
[Round "5.1"]
[White "Sathvik Adiga"]
[Black "Ramoutar, Alan-Safar"]
[Result "1/2-1/2"]
[ECO "B15"]
[WhiteElo "2398"]
[BlackElo "2360"]
[Annotator "TA"]
[PlyCount "148"]
[EventDate "2024.05.15"]
[EventType "tourn"]
[EventCountry "HUN"]
[SourceTitle "playchess.com"]
[Source "ChessBase"]
[SourceQuality "1"]
[TimeControl "40/5400+30:1800+30"]

1. e4 c6 2. d4 d5 3. Nc3 dxe4 4. Nxe4 Nf6 5. Nxf6+ exf6 6. c3 Bd6 7. Bd3 O-O 8. Qc2 Re8+ 9. Ne2 h5 10. O-O h4 11. h3 Nd7 12. Bd2 Nf8 13. Rae1 Bc7 14. f4 Qd6 15. c4 f5 16. Bxf5 Bxf5 17. Qxf5 Re6 18. d5 Ree8 19. Qd3 cxd5 20. cxd5 Ng6 21. Rd1 Rad8 22. Nc3 Qb4 23. Kh1 a6 24. b3 Re7 25. Qc4 Qd6 26. Bc1 b5 27. Qc6 Red7 28. a3 Ne7 29. Qxd6 Bxd6 30. Ne4 Nf5 31. Rf3 Re8 32. Nxd6 Rxd6 33. Rfd3 Red8 34. Kg1 Ne7 35. Kf2 Rxd5 36. Rxd5 Rxd5 37. Rxd5 Nxd5 38. Kf3 f5 {[%emt 0:00:42] [#]} 39. Bd2 ({White should try} 39. Ke2 $1 $16) 39... Kf7 $11 40. Be1 Ke6 (40... Ne7 $1 $11) 41. Bxh4 $16 Nc3 42. Bf2 Kd5 43. Be1 Nb1 $2 (43... Ne4 $16) 44. Bb4 a5 45. Bxa5 Nxa3 46. g4 fxg4+ 47. hxg4 Nc2 48. Bc3 g6 49. f5 gxf5 50. gxf5 b4 51. Bb2 $2 (51. Bf6 $18 {is the precise move to win. Black must now prevent Kf4.} Na3 52. Ke3) 51... Ne1+ $16 52. Ke2 Ng2 53. Kf3 Ne1+ {[%emt 0:00:02] [#]} 54. Kg4 (54. Ke3 $1 $16 {Hoping for Bf6.} Ng2+ 55. Kf3 Ne1+) 54... Nd3 $1 $11 55. Ba1 Kd6 56. Kh5 Ke7 $1 57. Kg6 (57. Kg5 $5) 57... Nf4+ 58. Kg7 Nh5+ 59. Kg6 (59. Kh6 $5 Nf4 $8 60. Kg7 Nh5+ 61. Kh6 $11) 59... Nf4+ 60. Kg7 (60. Kh6 $5) 60... Nh5+ 61. Kh6 (61. Kh7 $5) 61... Nf4 $1 62. Bd4 (62. Be5 $5 Nd3 $8 63. Bd4 $11) 62... Kf7 63. Kg5 Nd3 64. Be3 Ne1 $1 65. Kf4 Nc2 $1 66. Bc5 Na1 67. Bxb4 Nxb3 68. Ke4 Nc1 69. Bc3 $1 Nb3 70. Kd5 Nc1 71. Kc4 Ne2 72. Be5 $1 Ng3 73. Bxg3 Kf6 74. Kd4 Kxf5 1/2-1/2

[Event "SixDays Budapest GM-A May 2024"]
[Site "Budapest"]
[Date "2024.05.18"]
[Round "5.2"]
[White "Wadsworth, Matthew J"]
[Black "Sahib Singh"]
[Result "0-1"]
[ECO "A06"]
[WhiteElo "2470"]
[BlackElo "2291"]
[Annotator "TA"]
[PlyCount "116"]
[EventDate "2024.05.15"]
[EventType "tourn"]
[EventCountry "HUN"]
[SourceTitle "playchess.com"]
[Source "ChessBase"]
[SourceQuality "1"]
[TimeControl "40/5400+30:1800+30"]

1. Nf3 d5 2. g3 Nd7 3. d4 Nb6 4. Nbd2 Nf6 5. Bg2 Bf5 6. Nh4 Bg4 7. h3 Bh5 8. g4 Bg6 9. Nxg6 hxg6 10. c4 c6 11. a4 Nxc4 12. Nxc4 dxc4 13. a5 Rc8 14. Qc2 Qxd4 15. Be3 Qe5 16. Qxc4 a6 17. Qb3 Qc7 18. Ra4 e6 19. Bf4 e5 20. Bg3 Bd6 21. O-O O-O 22. h4 Nd7 23. Qc3 Nc5 24. Rc4 Ne6 25. e3 f5 26. f4 (26. Qb3 $17 {keeps fighting.}) 26... exf4 $19 (26... fxg4 $2 27. fxe5 Rxf1+ 28. Bxf1 $18) 27. exf4 fxg4 28. Qd3 Rf5 (28... Nxf4 29. Bxf4 Bxf4 (29... Rxf4 $2 30. Rcxf4 Bxf4 31. Qc4+ Kh7 32. Qxf4 $18) 30. Qxg6 $15) (28... Bxf4 29. Qxg6 (29. Bd5 Kh7 $11) 29... Rf6 30. Qxg4 $11) 29. Qe2 Qf7 (29... Nxf4 30. Rcxf4 Bxf4 (30... Rxf4 31. Bxf4 Bxf4 32. Qc4+ Kh7 33. Qxf4 $18) 31. Rxf4 (31. Qxg4 $2 Bxg3 32. Qxg6 Rxf1+ 33. Bxf1 Qe5 $19) 31... Rxf4 32. Qe6+ Kh7 33. Bxf4 Qxf4 34. Qxc8 $11) 30. Re4 Nc5 (30... Nxf4 31. Bxf4 Bxf4 32. Rexf4 Rxf4 33. Rxf4 Qxf4 34. Qe6+ Kh7 35. Qxc8 $11) 31. Rd4 Bf8 32. Qxg4 Nb3 33. Rd3 Re8 $1 (33... Nxa5 34. Be4 Re8 35. Bxf5 gxf5 36. Qf3) 34. Rfd1 Nxa5 35. Rd7 {[%emt 0:02:25] [#]} Qf6 $1 36. Bf1 Qe6 (36... Qxb2 $2 37. Qxg6 Qb3 38. Qxf5 $18 (38. Qxe8 Qxg3+ 39. Bg2 Rf6 $11)) (36... Re4 $19 {[%cal Re4f4] And now ...Rexf4! would win.} 37. Bg2 Rexf4 38. Bxf4 Bc5+ 39. Kh2 Rxf4 40. Rd8+ Kh7) 37. Bd3 Rf6 (37... Qxd7 38. Bc4+ (38. Bxf5 $2 Qxf5 39. Qxf5 gxf5 $19) 38... Nxc4 39. Rxd7 $15) (37... Nc4 {keeps more tension.} 38. Bxf5 gxf5 39. Qh5 Ne3) 38. Qxe6+ Rfxe6 39. f5 $1 gxf5 $1 40. Bc7 (40. Bxf5 Re3 41. R1d3 b5) 40... Bc5+ 41. Kh2 b6 $1 42. b4 Bxb4 43. Bxb6 Rh6 44. Kg3 c5 45. Bc7 Rg6+ (45... Nc6 $17 {...Be1+ is the strong threat.} 46. Bf4 Rg6+ 47. Kh3 Rg4) 46. Kf3 $1 $11 Nc6 (46... Rf8 $15 47. Bd6 Rff6) 47. Bc4+ $1 $11 Kh7 48. Bf7 Ree6 (48... Ne5+ 49. Bxe5 Rxe5 50. Bxg6+ Kxg6 51. Rg1+ Kh6 52. Rgxg7 $18 (52. Rdxg7 Re6 $16)) 49. h5 Rgf6 50. Bxe6 Rxe6 51. Kf4 Rh6 52. R1d6 (52. Rg1 $5 Bc3 $8 53. Rh1 $11 (53. Kxf5 Rxh5+ 54. Ke4 Nb4 $11) (53. Rg5 a5 $11)) 52... Nd4 53. Rxh6+ Kxh6 54. Be5 Bd2+ 55. Kg3 Kxh5 56. Rxg7 f4+ 57. Kh3 Ne6 58. Bf6 $2 (58. Rg8 $11) 58... Nxg7 0-1

[Event "SixDays Budapest GM-A May 2024"]
[Site "Budapest"]
[Date "2024.05.18"]
[Round "5.3"]
[White "Aczel, Gergely"]
[Black "Nagy, Gabor"]
[Result "1/2-1/2"]
[ECO "D30"]
[WhiteElo "2493"]
[BlackElo "2433"]
[Annotator "TA"]
[PlyCount "20"]
[EventDate "2024.05.15"]
[EventType "tourn"]
[EventCountry "HUN"]
[SourceTitle "playchess.com"]
[Source "ChessBase"]
[SourceQuality "1"]
[TimeControl "40/5400+30:1800+30"]

1. d4 d5 2. c4 e6 3. Nf3 Nf6 4. Nbd2 c5 5. e3 Nc6 6. dxc5 Bxc5 7. Be2 O-O 8. O-O a6 9. a3 dxc4 10. Nxc4 b5 {An uneventful encounter.   Weighted Error Value: White=0.12 (very precise) /Black=0.15 (very precise) .  Inaccurate:     	White=1     	---        OK:         	---       	Black=1} 1/2-1/2

[Event "SixDays Budapest GM-A May 2024"]
[Site "Budapest"]
[Date "2024.05.18"]
[Round "5.4"]
[White "Bai, Adelard"]
[Black "Berczes, David"]
[Result "1-0"]
[ECO "A40"]
[WhiteElo "2376"]
[BlackElo "2425"]
[Annotator "TA"]
[PlyCount "53"]
[EventDate "2024.05.15"]
[EventType "tourn"]
[EventCountry "HUN"]
[SourceTitle "playchess.com"]
[Source "ChessBase"]
[SourceQuality "1"]
[TimeControl "40/5400+30:1800+30"]

1. d4 e6 2. c4 b6 3. e4 Bb4+ 4. Nc3 Bb7 5. Bd3 f5 6. exf5 $2 (6. Qh5+ $14 {keeps the upper hand.} g6 7. Qh3) 6... Bxg2 $19 7. Qh5+ Kf8 $1 (7... g6 $2 8. fxg6 Nf6 9. g7+ (9. gxh7+ $2 Nxh5 10. Bg6+ Kf8 $19) 9... Ke7 10. Bg5 $18 (10. gxh8=Q Qxh8 11. Bg5 Bxh1 $18)) 8. Nge2 {[%emt 0:01:37] aiming for Rg1. Black has a decisive advantage.} Nf6 (8... Bxh1 9. f3 $19) 9. Qh4 Bxh1 10. Bg5 Bf3 (10... Bxc3+ 11. Nxc3 h6 12. O-O-O $19) 11. Kf1 exf5 (11... Bxe2+ 12. Nxe2 exf5 13. Bxf5 $19) 12. Ng3 Bxc3 13. bxc3 Kf7 {[%emt 0:05:51] Strongly threatening ...h6.} 14. Nxf5 Re8 15. c5 {[%emt 0:19:34] [#]} b5 {[%emt 0:00:04] Repels Bc4+} 16. Bxb5 (16. a4 $17 {was necessary.}) 16... Bd5 $1 17. Bd3 h6 18. Bf4 {[%emt 0:01:25] [#] Hoping for Qg3.} Nc6 $2 {[%emt 0:00:31] [#]} (18... Re4 $1 $19 {[%cal Ob8c6] White must now prevent ...Nc6!} 19. c4 Rxf4 20. Qxf4 Be6) 19. Qg3 $1 $16 {[%emt 0:06:29][%csl LRc7,LRg7] White is more active.} Nh5 20. Qg4 {[%emt 0:00:56] Dancing on a razor blade.} g6 {[%emt 0:00:31][%mdl 8192] [#]} (20... Nxf4 21. Qxg7+ Ke6 22. Re1+ (22. Qxh6+ $2 Qf6 $19) (22. Qxh6+ $2 Qf6 $19)) (20... Qf6 $16 21. Qxh5+ g6 22. Nd6+ (22. Nxh6+ Kg7 $14) 22... Qxd6 (22... cxd6 23. Qxd5+ Kg7 24. Bxd6 $16) 23. Qxh6 Rh8 24. cxd6 Rxh6 25. Bxh6 cxd6) 21. Nd6+ $1 {[%emt 0:02:05][%mdl 512] White mates.} Kf8 (21... Kg8 22. Qxg6+) 22. Bxh6+ {[%emt 0:00:16] A strong pair of Bishops.} Ng7 23. Bxg7+ (23. Nxe8 Qxe8 24. Bxg6 Bc4+ 25. Kg2 Qe7 $18) 23... Kxg7 24. Qxg6+ (24. Nxe8+ $2 {perishes.} Qxe8 25. h4 Qe6 26. Qxe6 Bxe6 $19 (26... dxe6 $2 27. Rb1 $19)) 24... Kf8 25. Qh6+ (25. Qxe8+ $2 {too greedy.} Qxe8 26. Nxe8 Rxe8 $19) 25... Kg8 26. Qh7+ Kf8 27. Qh8+ {[%emt 0:00:08] Weighted Error Value: White=0.45/Black=0.72.  Loses game:     	---       	Black=1      Missed win:     	---       	Black=2      Mistake:       	White=1     	---        Inaccurate:     	White=1     	---        OK:         	White=7     	Black=6      Best:        	---       	Black=1      Strong:       	White=1     	Black=2      Brilliant:      	White=1     	---} 1-0

[Event "SixDays Budapest GM-A May 2024"]
[Site "Budapest"]
[Date "2024.05.18"]
[Round "5.5"]
[White "Krastev, Alexander"]
[Black "Tan, Jun Ying"]
[Result "0-1"]
[ECO "B53"]
[WhiteElo "2458"]
[BlackElo "2307"]
[Annotator "RC"]
[PlyCount "178"]
[EventDate "2024.05.15"]
[EventType "tourn"]
[EventCountry "HUN"]
[SourceTitle "playchess.com"]
[Source "ChessBase"]
[SourceQuality "1"]
[TimeControl "40/5400+30:1800+30"]

1. e4 c5 2. Nf3 d6 3. d4 cxd4 4. Qxd4 Nc6 5. Qe3 g6 6. Be2 Bg7 7. O-O Nf6 8. h3 O-O 9. c4 Qb6 10. Nc3 Nd7 11. Qg5 Bxc3 12. bxc3 Nc5 13. Be3 Be6 14. Nd4 f6 15. Qh4 Bf7 16. f4 Qa5 17. Qe1 Nxe4 18. Bf3 Nc5 19. Nb3 Qa4 20. Bd5 e6 21. Bxc6 Qxc6 22. Nxc5 dxc5 23. Qh4 Be8 24. Rad1 b6 25. Rd2 Qe4 26. Re1 Qxc4 27. Rd6 Rc8 28. Bf2 Rc6 29. Rd8 Rc7 30. Qh6 Rd7 31. Rc8 Qd5 32. Bh4 Qb7 33. Rxe8 Rxe8 34. Bxf6 Rd2 35. Qg5 Rd5 36. Be5 Qe7 37. Qg4 Qf7 38. Kh2 Rf8 39. Re3 Rxe5 40. fxe5 Qf4+ 41. Qxf4 Rxf4 42. Rd3 Ra4 43. Rd8+ Kg7 44. Rd7+ Kh6 45. Re7 Rxa2 46. Rxe6 Rc2 47. Re7 Rxc3 48. Rxa7 Re3 49. Rb7 Rxe5 50. Rxb6 Kg5 51. Kg3 h5 52. Rc6 h4+ 53. Kf3 Kf5 54. Rd6 g5 55. Rc6 Rd5 56. Ke3 Ke5 57. Rg6 Kf5 58. Rc6 g4 59. Rh6 Kg5 60. Rc6 Re5+ 61. Kf2 Kf4 62. hxg4 Kxg4 63. Rc8 Rf5+ 64. Kg1 Kg5 65. Kh2 Kg4 66. Rg8+ Rg5 67. Rf8 Kh5 68. Rh8+ Kg4 69. Rf8 Rf5 70. Rg8+ Kf4 71. Kh3 Rh5 72. Re8 Rg5 73. Rc8 Rg3+ 74. Kh2 Rc3 75. Rh8 Kg4 76. Rg8+ Kf5 77. Rh8 Rc4 78. Kh3 Ke6 79. g3 hxg3 80. Kxg3 Rd4 81. Rh5 Rd5 82. Rh6+ Ke5 83. Kf3 Kd4 84. Ke2 Kc3 85. Rh3+ Kb4 86. Rd3 Rxd3 87. Kxd3 Kb3 88. Kd2 c4 89. Kc1 Kc3 0-1